 Dungeon Crawl Stone Soup version 0.26-a0-712-ga5a9c9c9d0 (webtiles) character file.

Game seed: 12930547575019959368

5056 ipx the Destroyer (level 10, -5/50 HPs)
             Began as a Deep Elf Earth Elementalist on Oct 31, 2020.
             Was a Follower of Ashenzari.
             Slain by a troll (8 damage)
             ... on level 10 of the Dungeon on Nov 1, 2020.
             The game lasted 00:53:06 (2862 turns).

ipx the Destroyer (Deep Elf Earth Elementalist)     Turns: 2862, Time: 00:53:07

Health: -5/50      AC:  6    Str:  5    XL:     10   Next: 31%
Magic:  1/25       EV: 20    Int: 24    God:    Ashenzari [*.....]
Gold:   329        SH:  5    Dex: 21    Spells: 6/15 levels left

rFire    . . .     SeeInvis .   h - +4 spear (curse)
rCold    . . .     Faith    .   (no shield)
rNeg     . . .     Spirit   .   c - +0 robe
rPois    .         Reflect  +   (no helmet)
rElec    .         Harm     .   (no cloak)
rCorr    .         Rampage  .   A - +2 pair of gloves
MR       +....                  w - +0 pair of boots
Stlth    ++........             R - amulet of reflection (curse)
HPRegen  0.16/turn              g - ring of magical power (curse)
MPRegen  0.19/turn              d - +6 ring of dexterity (curse)

@: very slightly contaminated, invisible
A: no striking features
a: Curse Item, Scrying, Renounce Religion


You were on level 10 of the Dungeon.
You worshipped Ashenzari.
Ashenzari was aware of your devotion.
You visited 2 branches of the dungeon, and saw 11 of its levels.

You collected 329 gold pieces.

Inventory:

Hand Weapons
 h - a cursed +4 spear (weapon)
Missiles
 b - 68 stones
 u - 33 bolts (quivered)
Armour
 c - a +0 robe (worn)
 w - a +0 pair of boots (worn)
 A - a +2 pair of gloves (worn)
Jewellery
 d - a cursed +6 ring of dexterity (right hand)
 g - a cursed ring of magical power (left hand)
 o - an uncursed ring of attention
 x - an uncursed ring of positive energy
 P - an uncursed ring of poison resistance
 R - a cursed amulet of reflection (around neck)
Wands
 v - a wand of enslavement (5)
 z - a wand of disintegration (12)
 B - a wand of acid (8)
Scrolls
 f - 3 scrolls of amnesia
 j - 3 scrolls of teleportation
 p - a scroll of enchant weapon {unknown}
 r - a scroll of magic mapping {unknown}
 t - a scroll of silence {unknown}
 y - a scroll of fog
Potions
 a - 8 potions of curing
 e - 3 potions of stabbing
 k - a potion of resistance {unknown}
 l - 2 potions of lignification
 m - a potion of haste {unknown}
 n - 4 potions of might
 q - a potion of magic {unknown}
 s - a potion of mutation {unknown}


   Skills:
 + Level 9.4 Dodging
 - Level 2.4 Stealth
 - Level 3.0 Spellcasting
 - Level 10.0 Conjurations
 - Level 1.1 Transmutations
 + Level 9.4 Earth Magic
 + Level 5.6 Evocations


You had 6 spell levels left.
You knew the following spells:

 Your Spells              Type           Power        Failure   Level
q - Sandblast             Erth           #####.       1%          1
r - Stone Arrow           Conj/Erth      ######       1%          3
w - Passwall              Tmut/Erth      ####....     1%          2
z - Magic Dart            Conj           ####         1%          1
R - Searing Ray           Conj           ######       1%          2

Your spell library contained the following spells:

 Spells                   Type           Power        Failure   Level
 Dazzling Flash           Conj/Hex       ####..       4%          3
 Lee's Rapid Deconstruct  Erth           #####.....   6%          5
 Animate Skeleton         Necr           #.....       11%         1
 Pain                     Necr           #...         11%         1
 Petrify                  Tmut/Erth      ####....     12%         4
 Fulminant Prism          Conj/Hex       ####......   14%         4
 Iskenderun's Mystic Bla  Conj/Tloc      ####....     14%         4
 Vampiric Draining        Necr           #.........   32%         3
 Borgnjor's Vile Clutch   Necr/Erth      ####......   41%         5
 Animate Dead             Necr           #.........   71%         4
 Agony                    Necr           #.......     96%         5
 Death Channel            Necr           #.........   100%        6
 Simulacrum               Ice/Necr       #.........   100%        6


Dungeon Overview and Level Annotations

Branches:
Dungeon (10/15)            Temple (1/1) D:6
   Lair: D:8-11         Orc: D:9-12

Altars:
Ashenzari
Cheibriados
Dithmenos
Elyvilon
Gozag
Hepliaklqana
Makhleb
Nemelex Xobeh
Okawaru
Qazlal
Ru
Trog
Uskayaw
Vehumet
Xom
Yredelemnul
Zin
The Shining One


Message History

You kill the centaur! (Press . to maintain the ray.)
A centaur warrior skeleton comes into view.
The searing ray hits the troll!
The troll is heavily wounded.
You block the troll's attack. The troll closely misses you.
The troll completely misses you.
Without enough magic to sustain it, your searing ray dissipates.
The troll bites you!
* * * LOW HITPOINT WARNING * * *
The troll closely misses you. The troll completely misses you.
Evoke which item? (* to show all) (? for menu, Esc to quit)
Aiming: Corrosive Bolt
Press: ? - help, Shift-Dir - straight line, f - troll
Aim: a troll (heavily wounded)
The bolt of acid hits the troll!
The troll is splashed with acid.
The acid corrodes the troll!
The troll is almost dead.
The troll bites you!
You die...

..................... ..
........!..#)....#.. .# ..
.......###.#.###.#.###.#
###...
###........#.....#.....#
...... .......#.....#.....#..
......
...###.#.###[#(###.#.###......
.......#.....#.)((.#..........
#.....#....T#.............
#.###.#:###@#.###c....<...
#.....#..$..#.......#....
.....#.....#.(........# ..
.### #.###.#.###T...?.# #.
.#[.........# .. .............
.. ......c....... ...
...#........... #..T........


You could see a troll (corroded).

Vanquished Creatures
  2 two-headed ogres (D:10)
  A kobold demonologist (D:9)
  3 ghosts (D:10)
  2 yaks (D:9)
  Menkaure (D:5)
  A sky beast (D:4)
  An ice beast (D:6)
  2 phantoms
  3 necrophages (D:7)
  2 ogres
  2 centaurs
  4 bullfrogs
  2 big kobolds (D:10)
  4 scorpions
  4 wights (D:7)
  A howler monkey (D:5)
  An electric eel (D:10)
  A centaur zombie (D:6)
  A jelly (D:7)
  3 hounds
  4 orc priests
  2 orc wizards (D:3)
  2 iguanas
  3 worker ants
  A hound zombie (D:5)
  A worker ant zombie (D:9)
  8 gnolls
  5 adders
  A white imp (D:8)
  3 ufetubi
  2 oozes
  2 worms (D:2)
  2 dart slugs
  5 leopard geckos
  14 orcs
  4 giant cockroaches
  6 goblins
  3 hobgoblins
  11 jackals
  A kobold (D:3)
  4 quokkas
  7 bats
  A frilled lizard (D:1)
  A leopard gecko skeleton (D:5)
  A quokka skeleton (D:5)
  4 rats
139 creatures vanquished.

Vanquished Creatures (others)
  A yak (D:9)
1 creature vanquished.

Grand Total: 140 creatures vanquished

Notes
Turn   | Place    | Note
-------+----------+-------------------------------------------
     0 | D:1      | ipx the Deep Elf Earth Elementalist began the quest for the
                  | Orb.
     0 | D:1      | Reached XP level 1. HP: 10/10 MP: 6/6
   109 | D:1      | Reached XP level 2. HP: 15/15 MP: 2/8
   330 | D:2      | Reached XP level 3. HP: 19/19 MP: 9/9
   337 | D:1      | Learned a level 3 spell: Stone Arrow
   464 | D:2      | Reached skill level 1 in Conjurations
   468 | D:2      | Found a sparkling altar of Nemelex Xobeh.
   515 | D:2      | Found a shadowy altar of Dithmenos.
   540 | D:2      | Reached skill level 2 in Conjurations
   553 | D:2      | Reached XP level 4. HP: 24/24 MP: 9/10
   597 | D:3      | Learned a level 2 spell: Searing Ray
   636 | D:3      | Reached skill level 3 in Conjurations
   636 | D:3      | Reached skill level 5 in Earth Magic
   641 | D:3      | Reached XP level 5. HP: 20/28 MP: 4/11
   645 | D:3      | Reached skill level 4 in Conjurations
   751 | D:4      | Noticed a sky beast
   761 | D:4      | Killed a sky beast
   761 | D:4      | Reached skill level 5 in Conjurations
   761 | D:4      | Reached XP level 6. HP: 19/32 MP: 8/12
   977 | D:4      | Learned a level 1 spell: Magic Dart
   992 | D:4      | Reached skill level 6 in Conjurations
  1124 | D:4      | Found a glowing golden altar of the Shining One.
  1171 | D:5      | Entered Level 5 of the Dungeon
  1199 | D:5      | Reached XP level 7. HP: 29/36 MP: 13/13
  1206 | D:5      | Found a stormy altar of Qazlal.
  1226 | D:5      | Noticed Menkaure
  1242 | D:5      | Learned a level 2 spell: Passwall
  1245 | D:5      | Killed Menkaure
  1326 | D:5      | Reached skill level 7 in Conjurations
  1402 | D:5      | Reached skill level 5 in Dodging
  1454 | D:5      | Found a burning altar of Makhleb.
  1491 | D:6      | Found a staircase to the Ecumenical Temple.
  1496 | D:6      | Reached XP level 8. HP: 41/41 MP: 9/14
  1509 | Temple   | Entered the Ecumenical Temple
  1554 | Temple   | Upgraded the game from 0.26-a0-651-gb41185065b to
                  | 0.26-a0-712-ga5a9c9c9d0
  1554 | Temple   | Became a worshipper of Ashenzari the Shackled
  1704 | D:7      | Reached skill level 8 in Conjurations
  1820 | D:7      | Found a snail-covered altar of Cheibriados.
  1822 | D:7      | Found a sacrificial altar of Ru.
  1894 | D:7      | Reached skill level 9 in Conjurations
  2026 | D:7      | Found a white marble altar of Elyvilon.
  2059 | D:7      | Reached XP level 9. HP: 45/45 MP: 8/15
  2176 | D:8      | Found a bloodstained altar of Trog.
  2220 | D:8      | Found a hide-covered altar of Uskayaw.
  2338 | D:9      | Reached * piety under Ashenzari
  2341 | D:9      | Noticed a kobold demonologist
  2349 | D:9      | Killed a kobold demonologist
  2349 | D:9      | Reached skill level 1 in Evocations
  2467 | D:9      | Reached skill level 10 in Conjurations
  2633 | D:10     | Entered Level 10 of the Dungeon
  2709 | D:10     | Noticed a two-headed ogre
  2720 | D:10     | Killed a two-headed ogre
  2740 | D:10     | Noticed a two-headed ogre
  2784 | D:10     | Killed a two-headed ogre
  2784 | D:10     | Reached skill level 5 in Evocations
  2784 | D:10     | Reached XP level 10. HP: 29/50 MP: 11/16
  2862 | D:10     | Slain by a troll

Illustrated notes

Levels and vault maps discovered:
D:1:      dpeg_arrival_lava_altar, layout_basic
D:2:      layout_rooms, lemuel_doored_altar, old_standard_altar,
          chequers_ecumenical_altar_island
D:3:      layout_loops_ring
D:4:      kennysheep_spiral_hall, layout_rooms, tso_metal_star, uniq_ijyb
D:5:      layout_loops_cross, lemuel_round_altar, grunt_qazlal_clouds,
          uniq_menkaure
D:6:      layout_gridville, kennysheep_little_box, lemuel_crystal_altar,
          minmay_temple_entry_mini_moons, minmay_misc_feat_pillars
D:7:      layout_rooms, kennysheep_mini_moat, nicolae_overflow_hidden_temple
D:8:      layout_loops_ring, kennysheep_mini, lemuel_crystal_altar,
          gammafunk_ghost_cemetery, uniq_gastronok
D:9:      layout_loops_ring, minmay_between
D:10:     hangedman_cross_stitches, layout_grid_maze, erik_orc_2, uniq_psyche
Temple:   jpeg_temple_island

Skill      XL: |  1  2  3  4  5  6  7  8  9 |
---------------+----------------------------+-----
Earth Magic    | 4 5 6 7 9 |  9.4
Conjurations   | 2 3 5 6 7 9 10 | 10.0
Dodging        | 3 4 5 6 9 |  9.4
Evocations     | 5 |  5.6
Stealth        | |  2.4
Spellcasting   | |  3.0
Transmutations | |  1.1

Action                   |  1- 3 |  4- 6 |  7- 9 | 10-12 || total
-------------------------+-------+-------+-------+-------++-------
Melee: Spear             |       |       |     3 |     4 ||     7
 Cast: Sandblast         |    36 |    42 |    59 |     4 ||   141
       Stone Arrow       |     5 |     2 |    20 |     1 ||    28
       Searing Ray       |       |    12 |    19 |     4 ||    35
       Magic Dart        |       |     5 |    60 |     2 ||    67
       Passwall          |       |       |     2 |       ||     2
Invok: Curse Item        |       |       |     3 |       ||     3
Evoke: Wand              |       |       |     7 |     1 ||     8
  Use: Scroll            |     1 |     5 |     6 |       ||    12
       Potion            |       |       |     2 |     1 ||     3
Armor: Robe              |     3 |     2 |     6 |     3 ||    14
Dodge: Dodged            |    16 |    18 |    27 |    15 ||    76
Block: Other             |       |       |     3 |     4 ||     7

Table legend: (Time is in decaauts)
 A = Elapsed time spent in this place.
 B = Non-inter-level travel time spent in this place.
 C = Inter-level travel time spent in this place.
 D = Time resting spent in this place.
 E = Time spent auto-exploring this place.
 F = Levels seen in this place.
 G = Mean time per level.
                   A        B        C        D        E       F      G
               +--------+--------+--------+--------+--------+-----+--------+
         Total |   2974 |   2942 |     32 |      0 |      0 |  11 |  270.4 |
       Dungeon |   2901 |   2882 |     19 |      0 |      0 |  10 |  290.1 |
        Temple |     72 |     59 |     13 |      0 |      0 |   1 |   72.0 |
               +--------+--------+--------+--------+--------+-----+--------+

Top non-repeatable levels by time:
     D:7: 426 daAuts
     D:1: 415 daAuts
     D:4: 375 daAuts
     D:9: 343 daAuts
     D:5: 307 daAuts
     D:3: 258 daAuts
    D:10: 244 daAuts
     D:8: 213 daAuts
     D:2: 170 daAuts
     D:6: 146 daAuts
  Temple: 72 daAuts
